Match 42366867
Unlisted

Match 42366867
End
Royal Engineer Section
Construct Section Command Post
Selects Canadian Shock Battlegroup
Vickers Machine Gun Team
Construct Section Command Post
Infantry Section
Infantry Section
Construct Field Infirmary
Construct Platoon Command Post
Selects Offensive Resupply
Selects Canadian Shock Section
Selects Incendiary Munitions
Canadian Shock Section
Infantry Training
Grenade Package
Construct Company Command Post
Selects Pyrotechnics
Matilda II Heavy Tank
Selects Demolition Engineering
Demolition Engineering
Matilda II Heavy Tank
Armored Vehicle Training
Selects Smoke Operation
Foot Guards Section
CAuMOH
Zoj
KevinTDW
Clairvoyance
0
0

Comments sign in to comment!

No comments posted yet!